 Dungeon Crawl Stone Soup version 0.30.1-11-g7821555f0a (webtiles) character file.

Game seed: 336004779547420247

79 Peloso the Covered (level 4, -1/40 HPs)
             Began as a Minotaur Fighter on Dec 11, 2023.
             Slain by a black bear (4 damage)
             ... on level 4 of the Dungeon.
             The game lasted 00:04:02 (3213 turns).

Peloso the Covered (Minotaur Fighter)               Turns: 3213, Time: 00:04:02

Health: -1/40      AC:  8    Str: 21    XL:     4   Next: 17%
Magic:  3/3        EV:  9    Int:  5    God:
Gold:   184        SH:  4    Dex: 11    Spells: 3/3 levels left

rFire   . . .        a - +0 long sword
rCold   . . .        d - +0 buckler
rNeg    . . .        b - +0 scale mail
rPois   .            (helmet restricted)
rElec   .            (no cloak)
rCorr   .            (no gloves)
SInv    .            c - +0 pair of boots
Will    .....        (no amulet) Stlth
                     (no ring)
HPRegen 0.26/turn    (no ring)
MPRegen 0.08/turn

%: no passive effects
@: no status effects
A: horns 2, retaliatory headbutt
a: no special abilities


You were on level 4 of the Dungeon.
You visited 1 branch of the dungeon, and saw 4 of its levels.

You collected 184 gold pieces.

Inventory:

Hand Weapons
 a - a +0 long sword (weapon)
Armour
 b - a +0 scale mail (worn)
 c - a +0 pair of boots (worn)
 d - a +0 buckler (worn)
Jewellery
 q - a ring of ice
Scrolls
 f - 3 scrolls of teleportation {unknown}
 h - 3 scrolls of enchant weapon {unknown}
 n - a scroll of poison {unknown}
Potions
 i - a potion of might
 k - a potion of cancellation
 m - a potion of ambrosia
 o - a potion of curing
 p - a potion of brilliance


   Skills:
 + Level 4.2 Fighting
 + Level 3.6 Long Blades
 + Level 4.3 Armour
 + Level 0.4 Dodging
 + Level 4.2 Shields


You had 3 spell levels left.
You didn't know any spells.
Your spell library contained the following spells:

 Spells                   Type           Power      Damage    Failure   Level
 Beastly Appendage        Tmut           0%         N/A       86%         1
 Magic Dart               Conj           0%         1d3       86%         1
 Call Imp                 Summ           0%         N/A       95%         2
 Wereblood                Tmut           0%         N/A       95%         2
 Dazzling Flash           Conj/Hex       0%         N/A       99%         3
 Inner Flame              Hex/Fire       0%         N/A       99%         3
 Mephitic Cloud           Conj/Pois/Air  0%         N/A       99%         3
 Spider Form              Tmut/Pois      0%         N/A       99%         3
 Volatile Blastmotes      Fire/Tloc      0%         2d10      99%         3
 Flame Wave               Conj/Fire      0%         2d4       100%        4
 Iskenderun's Mystic Bla  Conj/Tloc      0%         2d3       100%        4
 Sticky Flame             Conj/Fire      0%         2d3       100%        4
 Starburst                Conj/Fire      0%         6d3       100%        6


Dungeon Overview and Level Annotations

Branches:
Dungeon (4/15)
 Temple: D:4-7

Altars:
Elyvilon
Gozag

Shops:
D:1 *


Innate Abilities, Weirdness & Mutations

You have a pair of horns on your head.
You reflexively headbutt those who attack you in melee.


Message History

You kill the kobold!
A black bear comes into view.
The black bear growls angrily.
You see here a +0 whip.
Found an escape hatch in the floor.
The black bear bites you but does no damage.
The black bear barely misses you. The black bear claws you.
You slash the black bear! Your headbutt misses the black bear.
The black bear is heavily wounded.
The black bear bites you but does no damage.
The black bear claws you. x2
You hit the black bear. You headbutt the black bear.
The black bear is severely wounded.
The black bear goes berserk!
The black bear bites you!
The black bear claws you but does no damage.
The black bear barely misses you.
You hit the black bear but do no damage.
The black bear is severely wounded.
You block the black bear's attack. x2
The black bear claws you but does no damage.
You closely miss the black bear. You headbutt the black bear.
The black bear is almost dead.
The black bear closely misses you. The black bear claws you.
The black bear claws you but does no damage.
The black bear bites you. The black bear barely misses you.
The black bear claws you but does no damage.
You closely miss the black bear.
The black bear is almost dead.
The black bear bites you.
* * * LOW HITPOINT WARNING * * *
The black bear claws you but does no damage.
You block the black bear's attack. The black bear bites you.
* * * LOW HITPOINT WARNING * * *
The black bear barely misses you. The black bear closely misses you.
You hit the black bear.
The black bear is almost dead.
The black bear bites you.
* * * LOW HITPOINT WARNING * * *
The black bear completely misses you. The black bear claws you.
You die...

...............
#...............
#...............#
#...............#######
#....!..........##....#
#...............##.##.#
#......h........##.##.#
.......@........##.##.#
................##.##.#
...........).......#..#
........$.......####.###
.......................#
.................###.#.#
...>.................#.#
................######.#
...............##..<..#


You could see a black bear (berserk).

Vanquished Creatures
  An adder (D:2)
  A worm (D:2)
  A dart slug (D:2)
  7 orcs
  5 endoplasms
  3 giant cockroaches
  5 goblins
  6 hobgoblins
  4 kobolds
  A quokka (D:1)
  3 ball pythons
  6 bats
  8 frilled lizards
  8 rats
59 creatures vanquished.

Notes
Turn   | Place    | Note
-------+----------+-------------------------------------------
     0 | D:1      | Peloso the Minotaur Fighter began the quest for the Orb.
     0 | D:1      | Reached XP level 1. HP: 19/19 MP: 0/0
   217 | D:1      | Reached XP level 2. HP: 27/27 MP: 1/1
   574 | D:1      | Found Ypuiwn's General Store.
   739 | D:1      | Found a faded altar of an unknown god.
  1356 | D:2      | Reached XP level 3. HP: 26/33 MP: 2/2
  2549 | D:3      | Found a white marble altar of Elyvilon.
  2567 | D:3      | Reached XP level 4. HP: 34/40 MP: 3/3
  2614 | D:3      | Found an opulent altar of Gozag.
  2753 | D:3      | Identified the +7 flail of Ciwneuhar {spect, rC+}
  3155 | D:4      | Noticed an ogre
  3202 | D:4      | Noticed a black bear
  3213 | D:4      | Slain by a black bear

Illustrated notes

Levels and vault maps discovered:
D:1:      ncdulo_halloftheorcs, layout_basic,
          shapermc_ecumenical_altar_mp_vishouse, serial_shops, shop
D:2:      layout_basic, minmay_strange_pillars
D:3:      layout_loops_ring, mainiacjoe_overflow_catch_the_wave, minmay_puff
D:4:      layout_basic, minmay_temple_entry_junction,
          hangedman_abyss_or_decor_stagger, minmay_hollow_rounded_squares,
          uniq_edmund, uniq_duvessa

Skill      XL: |  1  2 |
---------------+-------+-----
Shields        | 4 |  4.2
Fighting       | 4 |  4.2
Long Blades    | 3 |  3.6
Armour         | 4 |  4.3
Dodging        | |  0.4

Action                     |  1- 3 |  4- 6 || total
---------------------------+-------+-------++-------
  Melee: Long sword        |   120 |    29 ||   149
         Headbutt          |    13 |     4 ||    17
    Use: Scroll            |       |     5 ||     5
         Potion            |       |     2 ||     2
 Armour: Scale mail        |    61 |    20 ||    81
  Dodge: Dodged            |    57 |    21 ||    78
  Block: Buckler           |    25 |    10 ||    35
